 Dungeon Crawl Stone Soup version 0.30-a0-575-g6f4a10e2d2 (webtiles) character file.

Game seed: 15510335046004541469

22333 Masnef the Marksfrog (level 12, -1/96 HPs)
             Began as a Barachi Hunter on Dec 29, 2022.
             Was a High Priest of Fedhas.
             Killed from afar by Erolcha (18 damage)
             ... with a fireball
             ... on level 1 of the Orcish Mines on Dec 30, 2022.
             The game lasted 00:49:52 (14747 turns).

Masnef the Marksfrog (Barachi Hunter)              Turns: 14747, Time: 00:49:52

Health: -1/96      AC: 14    Str: 12    XL:     12   Next: 99%
Magic:  16/25      EV: 14    Int: 18    God:    Fedhas [*****.]
Gold:   2133       SH:  6    Dex: 21    Spells: 11/11 levels left

rFire   . . .      SeeInvis .    n - +3 hand crossbow of Agigyeq {penet, Will- Int+3 Stlth+}
rCold   . . .      Faith    +    I - +0 buckler
rNeg    + . .      Spirit   .    P - +2 ring mail {rPois}
rPois   +          Reflect  .    V - +3 hat of Pondering {ponderous, Will+ MP+10 Int+5}
rElec   .          Harm     .    v - +0 cloak
rCorr   .          Rampage  .    y - +0 pair of gloves
Will    .....                    r - +0 pair of boots
Stlth   ++++                     E - amulet of faith
HPRegen 0.36/turn                i - ring of wizardry
MPRegen 0.19/turn                T - ring of positive energy

@: slightly contaminated, very slow
A: amphibious, slowness 1, strong legs 1, +LOS
a: Hop, Renounce Religion, Wall of Briars, Grow Ballistomycete, Overgrow, Grow
Oklob


You were on level 1 of the Orcish Mines.
You worshipped Fedhas.
Fedhas was extremely pleased with you.
You visited 4 branches of the dungeon, and saw 17 of its levels.
You visited the Abyss 1 time.
You also visited: Bailey.

You collected 2320 gold pieces.
You spent 187 gold pieces at shops.

Inventory:

Hand Weapons
 a - a +1 shortbow
 n - the +3 hand crossbow of Agigyeq (weapon) {penet, Will- Int+3 Stlth+}
   (You acquired it on level 6 of the Dungeon)

   Any ammunition fired by it passes through the targets it hits, potentially
   hitting all targets in its path until it reaches maximum range.
   Int:       It affects your intelligence (+3).
   Will:      It decreases your willpower.
   Stlth:     It makes you more stealthy.
 A - a +1 short sword of venom
 C - a +1 arbalest of flaming
 H - a +0 long sword
 O - a +4 heavy falchion
 U - a +2 dagger of electrocution
Missiles
 e - 40 poisoned darts
 g - a curare-tipped dart
 J - a throwing net
Armour
 c - a +0 leather armour
 r - a +0 pair of boots (worn)
 u - a +1 helmet
 v - a +0 cloak (worn)
 y - a +0 pair of gloves (worn)
 I - a +0 buckler (worn)
 K - a +0 kite shield
 P - a +2 ring mail of poison resistance (worn)
 V - the +3 hat of Pondering (worn) {ponderous, Will+ MP+10 Int+5}
   (You took it off Gastronok on level 1 of the Lair of Beasts)

   Int:       It affects your intelligence (+5).
   MP:        It affects your magic capacity (+10).
   Will:      It increases your willpower.
Jewellery
 i - a ring of wizardry (left hand)
 s - a ring of flight
 x - a ring of poison resistance
 E - an amulet of faith (around neck)
 T - a ring of positive energy (right hand)
Wands
 t - a wand of flame (54)
Scrolls
 b - 4 scrolls of immolation
 d - 12 scrolls of teleportation
 h - 2 scrolls of magic mapping
 k - 4 scrolls of poison
 o - a scroll of enchant armour
 q - 2 scrolls of amnesia
 D - 2 scrolls of blinking
 M - a scroll of brand weapon
 N - a scroll of enchant weapon
 Q - a scroll of acquirement
 R - a scroll of vulnerability {unknown}
 W - a scroll of noise {unknown}
Potions
 f - 4 potions of heal wounds
 j - 6 potions of flight
 l - 3 potions of curing
 p - 4 potions of magic
 w - 3 potions of lignification
 z - a potion of invisibility
 B - 2 potions of might
 F - 4 potions of haste
 G - 2 potions of brilliance
 S - a potion of resistance {unknown}
 Y - 2 potions of attraction {unknown}
Miscellaneous
 X - a tin of tremorstones (2/2)


   Skills:
 + Level 9.5 Fighting
 + Level 2.2 Short Blades
 + Level 16.3 Ranged Weapons
 + Level 5.1 Armour
 + Level 7.4 Dodging
 - Level 5.0 Stealth
 - Level 4.0 Shields
 * Level 4.3 Invocations
 + Level 3.3 Evocations


You had 11 spell levels left.
You didn't know any spells.
Your spell library contained the following spells:

 Spells                   Type           Power      Damage    Failure   Level
 Sandblast                Erth           0%         2d4       24%         1
 Cigotuvi's Dreadful Rot  Necr/Pois/Air  0%         N/A       32%         2
 Ensorcelled Hibernation  Hex/Ice        0%         N/A       32%         2
 Passwall                 Tmut/Erth      0%         N/A       32%         2
 Poisonous Vapours        Pois/Air       0%         N/A       32%         2
 Kindle Blastsparks       Fire/Tloc/Air  0%         2d10      54%         3
 Mephitic Cloud           Conj/Pois/Air  0%         N/A       54%         3
 Stone Arrow              Conj/Erth      0%         3d7       54%         3
 Swiftness                Air            0%         N/A       54%         3
 Fulminant Prism          Conj/Hex       0%         3d5       90%         4
 Iskenderun's Mystic Bla  Conj/Tloc      0%         2d3       90%         4
 Passage of Golubria      Tloc           0%         N/A       90%         4
 Freezing Cloud           Conj/Ice/Air   0%         6-21      99%         5
 Lee's Rapid Deconstruct  Erth           0%         3d4*      99%         5
 Silence                  Hex/Air        0%         N/A       99%         5
 Simulacrum               Ice/Necr       0%         N/A       100%        6
 Lehudib's Crystal Spear  Conj/Erth      0%         10d2      100%        8
 Polar Vortex             Ice            0%         N/A       100%        9


Dungeon Overview and Level Annotations

Branches:
Dungeon (11/15)            Temple (1/1) D:7            Lair (3/5) D:8
  Swamp (0/4) Lair:2        Snake (0/4) Lair:2          Orc (2/2) D:10
    Elf (0/3) Orc:2        Bailey (visited)

Altars:
Ashenzari
Dithmenos
Elyvilon
Fedhas
Nemelex Xobeh
Ru
Sif Muna
Uskayaw
Vehumet
Xom
Yredelemnul
The Shining One

Shops:
D:4 *

Annotations:
Lair:3 Rupert
Orc:1 Erolcha


Innate Abilities, Weirdness & Mutations

You are amphibious.
You cover ground slowly.
You can hop short distances.
You have an extended range of vision and can be seen from far away.


Message History

This branch contains the abyssal rune of Zot.
Reactivating autopickup.
Found a gateway leading out of the Abyss.
You cannot move.
You start resting.
You're standing in a cloud of mutagenic fog!
You cannot move.
You cannot move.
You cannot move.
Your magical effects are unravelling.
You feel magically purged.
You are engulfed in mutagenic fog.
The mutagenic energy flows into you.
You are very lightly contaminated with residual magic.
You feel less wooden.
Your +0 cloak unmelds from your body.
The +3 hat of Pondering {ponderous, Will+ MP+10 Int+5} unmelds from your body.
Your +0 pair of gloves unmelds from your body.
Your +0 pair of boots unmelds from your body.
Your +2 ring mail of poison resistance unmelds from your body.
You feel rather ponderous.
You feel resistant to poison.
Really walk into that cloud of mutagenic fog?
You are engulfed in mutagenic fog.
The mutagenic energy flows into you.
You are lightly contaminated with residual magic.
There is a gateway leading out of the Abyss here.
You pass through the gate.
Welcome back to the Orcish Mines!
Level annotation: Erolcha A fireball appears from out of thin air!
The fireball explodes!
Deactivating autopickup; reactivate with Ctrl-A.
The fireball engulfs you!
* * * LOW HITPOINT WARNING * * *
You hear a shout! x3
Items here: )) [[ ††.
There is a stone staircase leading down, spattered with blood here.
You hear some strange, mumbled words.
A fireball appears from out of thin air!
The fireball explodes!
The fireball engulfs you!!
You die...
Fedhas appreciates your contribution to the ecosystem.

##..###
#...........
#....##
##.##.>[.....
#.....
.####.......#
##o...
...#.........
#.....#[.......
##..#..[...#....
#.....[.[[.{....
##.....[).......
###.).@[.[...#.
##...........
##......#...
#.......#..
#..........
##.........
..........
......#... ###
....##....


You could see an orc wizard.

Vanquished Creatures
  Gastronok (Lair:1)
  2 two-headed ogres
  2 boulder beetles
  2 orc knights
  An orc sorcerer (Bailey)
  3 cane toads
  A komodo dragon (Lair:2)
  A rime drake (Lair:2)
  A kobold demonologist (Bailey)
  3 trolls
  4 blink frogs
  A polar bear (Lair:2)
  A wraith (D:11)
  28 yaks
  A wyvern (D:7)
  2 steam dragons
  4 vampire mosquitoes
  A warg (D:10)
  3 nagas (Lair:2)
  5 water moccasins
  3 ice beasts (D:6)
  29 orc warriors
  4 sky beasts
  2 black bears
  4 ogres
  2 wolves (D:8)
  2 centaurs
  A bullfrog (D:7)
  2 gnoll sergeants (D:8)
  2 kobold brigands
  4 necrophages
  4 scorpions
  19 wights
  4 electric eels
  3 howler monkeys
  6 hounds
  A gnoll bouda (D:9)
  3 jellies
  17 orc priests
  Terence (D:2)
  3 iguanas
  26 orc wizards
  10 adders
  15 gnolls
  2 shadow imps
  2 white imps
  An ufetubus (D:6)
  3 dart slugs
  84 orcs
  8 ball pythons
  A bat (D:1)
  4 endoplasms
  4 giant cockroaches
  15 goblins
  18 hobgoblins
  15 kobolds
  A quokka (D:2)
  A frilled lizard (D:3)
  3 rats
  A ballistomycete spore (Lair:2)
397 creatures vanquished.

Vanquished Creatures (collateral kills)
  A troll (D:11)
  An orc warrior (D:10)
  3 orcs (Orc:2)
  11 ballistomycete spores
16 creatures vanquished.

Vanquished Creatures (others)
  An orc (Bailey)
  A ballistomycete spore (Lair:2)
  5 fungi (Lair:2)
  9 plants (Lair:2)
16 creatures vanquished.

Grand Total: 429 creatures vanquished

Notes
Turn   | Place    | Note
-------+----------+-------------------------------------------
     0 | D:1      | Masnef the Barachi Hunter began the quest for the Orb.
     0 | D:1      | Reached XP level 1. HP: 17/17 MP: 1/1
   109 | D:1      | Reached XP level 2. HP: 23/23 MP: 2/2
   855 | D:2      | Reached skill level 5 in Ranged Weapons
   855 | D:2      | Reached XP level 3. HP: 19/28 MP: 3/3
  1204 | D:2      | Reached XP level 4. HP: 34/34 MP: 4/4
  1431 | D:2      | Noticed Terence
  2043 | D:3      | Identified a scroll of acquirement
  2204 | D:3      | Reached skill level 6 in Ranged Weapons
  2204 | D:3      | Reached XP level 5. HP: 39/39 MP: 5/5
  2529 | D:4      | Noticed an ogre
  2627 | D:4      | Noticed a steam dragon
  2642 | D:4      | Killed a steam dragon
  2643 | D:4      | Reached XP level 6. HP: 13/46 MP: 6/6
  2773 | D:4      | Reached skill level 7 in Ranged Weapons
  2977 | D:4      | Reached XP level 7. HP: 36/52 MP: 7/7
  3180 | D:4      | Found Sieshrod's General Store.
  3192 | D:4      | Bought a scroll of teleportation for 33 gold pieces
  3192 | D:4      | Bought a potion of curing for 33 gold pieces
  3192 | D:4      | Bought a scroll of teleportation for 33 gold pieces
  3192 | D:4      | Bought a potion of lignification for 33 gold pieces
  3192 | D:4      | Bought a potion of heal wounds for 55 gold pieces
  3215 | D:4      | Found a shadowy altar of Dithmenos.
  3229 | D:4      | Found a hide-covered altar of Uskayaw.
  3645 | D:5      | Entered Level 5 of the Dungeon
  3723 | D:5      | Reached skill level 8 in Ranged Weapons
  3899 | D:5      | Upgraded the game from 0.30-a0-570-g486de37d69 to
                  | 0.30-a0-575-g6f4a10e2d2
  3990 | D:5      | Reached XP level 8. HP: 47/60 MP: 8/8
  4302 | D:5      | Reached skill level 1 in Short Blades
  4543 | D:6      | Reached skill level 9 in Ranged Weapons
  4562 | D:6      | Acquired 1277 gold pieces
  4565 | D:6      | Acquired a +1 arbalest of flaming
  4605 | D:6      | Acquired the +3 hand crossbow of Agigyeq {penet, Will-
                  | Int+3 Stlth+}
  4630 | D:6      | Reached skill level 1 in Stealth
  4642 | D:6      | Reached skill level 5 in Fighting
  4642 | D:6      | Reached skill level 5 in Dodging
  4647 | D:6      | Reached skill level 10 in Ranged Weapons
  4682 | D:6      | Reached XP level 9. HP: 31/68 MP: 9/9
  4684 | D:6      | Reached skill level 1 in Armour
  5050 | D:6      | Reached skill level 11 in Ranged Weapons
  5446 | D:7      | Reached XP level 10. HP: 61/76 MP: 10/10
  5607 | D:7      | Reached skill level 12 in Ranged Weapons
  5887 | D:7      | Found a staircase to the Ecumenical Temple.
  5899 | Temple   | Entered the Ecumenical Temple
  5910 | Temple   | Became a worshipper of Fedhas Madash
  6482 | D:8      | Found a staircase to the Lair.
  6622 | D:8      | Reached * piety under Fedhas
  6906 | D:8      | Found a white marble altar of Elyvilon.
  7264 | D:9      | Noticed a two-headed ogre
  7269 | D:9      | Killed a two-headed ogre
  7270 | D:9      | Reached skill level 13 in Ranged Weapons
  7270 | D:9      | Reached skill level 1 in Shields
  7270 | D:9      | Reached skill level 1 in Evocations
  7305 | D:9      | Reached ** piety under Fedhas
  7447 | D:9      | Found a broken altar of Ashenzari.
  7576 | D:9      | Reached XP level 11. HP: 82/83 MP: 11/11
  7979 | D:10     | Entered Level 10 of the Dungeon
  8028 | D:10     | Noticed a boulder beetle
  8093 | D:10     | Found a flagged portal.
  8115 | Bailey   | Entered a bailey
  8195 | Bailey   | Reached skill level 1 in Invocations
  8272 | Bailey   | Reached *** piety under Fedhas
  8460 | Bailey   | Found an iron altar of Okawaru.
  8460 | Bailey   | Noticed an orc sorcerer
  8463 | Bailey   | Killed an orc sorcerer
  8967 | D:10     | Killed a boulder beetle
  9340 | D:10     | Reached skill level 14 in Ranged Weapons
  9402 | D:10     | Found a staircase to the Orcish Mines.
 10639 | D:11     | Reached skill level 5 in Stealth
 10659 | D:11     | Noticed a boulder beetle
 10662 | D:11     | Noticed a two-headed ogre
 10682 | D:11     | Killed a two-headed ogre
 10794 | D:11     | Reached **** piety under Fedhas
 10829 | D:11     | Noticed a cyclops
 11071 | Lair:1   | Entered Level 1 of the Lair of Beasts
 11151 | Lair:1   | Noticed a boulder beetle
 11163 | Lair:1   | Killed a boulder beetle
 11241 | Lair:1   | Reached XP level 12. HP: 72/92 MP: 14/14
 11331 | Lair:1   | Noticed Gastronok
 11354 | Lair:1   | Killed Gastronok
 11355 | Lair:1   | Reached skill level 15 in Ranged Weapons
 12661 | Lair:2   | Found a glowing golden altar of the Shining One.
 12696 | Lair:2   | Found a staircase to the Swamp.
 12862 | Lair:2   | Found a staircase to the Snake Pit.
 13292 | Lair:3   | Noticed Rupert
 13499 | D:2      | Killed Terence
 13667 | Orc:1    | Entered Level 1 of the Orcish Mines
 13711 | D:10     | Reached skill level 16 in Ranged Weapons
 14085 | Orc:2    | Entered Level 2 of the Orcish Mines
 14353 | Orc:2    | Found a staircase to the Elven Halls.
 14374 | Orc:2    | Reached ***** piety under Fedhas
 14526 | Orc:1    | Noticed Erolcha
 14656 | Orc:1    | Reached skill level 5 in Armour
 14739 | Abyss:1  | Cast into level 1 of the Abyss (Erolcha)
 14744 | Orc:1    | Escaped the Abyss
 14747 | Orc:1    | Killed from afar by Erolcha

Illustrated notes

Levels and vault maps discovered:
D:1:      matt_arrival_grand_opening, layout_basic, serial_glass,
          glass_columns_a, glass_columns_a
D:2:      layout_loops_corners, uniq_terence
D:3:      layout_basic
D:4:      layout_loops_corners, minitemple, serial_shops, shop
D:5:      layout_basic
D:6:      minmay_opposing_rooms, layout_loops_ring
D:7:      layout_basic, minmay_temple_entry_antechambers
D:8:      layout_cave_pods, overflow_temple_1_default, erik_lair_island
D:9:      layout_roguey, nicolae_ashenzari_skybound
D:10:     layout_basic, orc_0_dummy, enter_bailey_4, nrook_mini_vaults
D:11:     layout_roguey, portal_ice_cave_entry_pillars_2, st_stairs_11
Temple:   compressed_dpeg_circular_temple
Lair:1:   layout_chaotic_city, infiniplex_staircase_pool_2,
          serial_bayou_shore_b, uniq_gastronok
Lair:2:   layout_cave_pods, minmay_swamp_entry_swarm,
          minmay_snake_entry_guardpost_small, basic_altar
Lair:3:   layout_hall_layers, uniq_rupert, uniq_urug, uniq_nergalle
Orc:1:    layout_caves, uniq_erolcha
Orc:2:    grunt_orc_community_town_hall, layout_diamond_mine,
          grunt_orc_community_big_house_2, grunt_orc_community_big_house_1,
          grunt_orc_community_house_1, grunt_orc_community_house_2,
          grunt_orc_community_house_1, grunt_orc_community_house_2,
          grunt_orc_community_house_3, grunt_orc_community_house_2, basic_altar,
          nicolae_orc_tapped_out

Skill      XL: |  1  2  3  4  5  6  7  8  9 10 11 12 |
---------------+-------------------------------------+-----
Ranged Weapons | 5 6 7 8 10 11 13 14 16 | 16.3
Dodging        | 3 4 5 6 7 |  7.4
Fighting       | 3 4 5 6 8 9 |  9.5
Short Blades   | 2 |  2.2
Stealth        | 1 3 4 5 |  5.0
Armour         | 2 3 4 5 |  5.1
Shields        | 1 3 4 |  4.0
Evocations     | 1 3 |  3.3
Invocations    | 2 4 |  4.3

Action                   |  1- 3 |  4- 6 |  7- 9 | 10-12 || total
-------------------------+-------+-------+-------+-------++-------
Melee: Short sword       |       |       |     7 |       ||     7
       Punch             |       |       |     1 |       ||     1
 Fire: Shortbow          |    73 |    97 |   128 |       ||   298
       Hand crossbow     |       |       |    69 |   618 ||   687
       Arbalest          |       |       |    38 |    87 ||   125
Throw: Dart              |       |       |     1 |     1 ||     2
Invok: Wall of Briars    |       |       |       |     9 ||     9
       Grow Ballistomyce |       |       |       |     3 ||     3
 Abil: Hop               |       |       |     3 |    11 ||    14
Evoke: Wand              |       |     3 |       |     4 ||     7
  Use: Scroll            |       |     7 |     9 |     9 ||    25
       Potion            |       |       |     1 |     5 ||     6
Armor: Leather armour    |    11 |    10 |    43 |    28 ||    92
       Ring mail         |       |       |       |    90 ||    90
       Skin              |       |       |       |    12 ||    12
Dodge: Dodged            |    19 |    22 |   118 |   233 ||   392
Block: Buckler           |       |       |       |    77 ||    77

Table legend: (Time is in decaauts)
 A = Elapsed time spent in this place.
 B = Non-inter-level travel time spent in this place.
 C = Inter-level travel time spent in this place.
 D = Time resting spent in this place.
 E = Time spent auto-exploring this place.
 F = Levels seen in this place.
 G = Mean time per level.
                   A        B        C        D        E       F      G
               +--------+--------+--------+--------+--------+-----+--------+
         Total |  17142 |  15572 |   1570 |    506 |  12575 |  19 |  902.2 |
       Dungeon |  12642 |  11331 |   1311 |    350 |   9298 |  11 | 1149.3 |
        Temple |     26 |      5 |     21 |      0 |      0 |   1 |   26.0 |
          Lair |   2728 |   2530 |    198 |      0 |   2239 |   3 |  909.3 |
  Orcish Mines |    974 |    935 |     39 |    154 |    484 |   2 |  487.0 |
         Abyss |      5 |      5 |      0 |      2 |      0 |   1 |    5.0 |
        Bailey |    765 |    765 |      0 |      0 |    553 |   1 |  765.0 |
               +--------+--------+--------+--------+--------+-----+--------+

Top non-repeatable levels by time:
    D:10: 2326 daAuts
  Lair:1: 1437 daAuts
     D:8: 1397 daAuts
     D:4: 1277 daAuts
  Lair:2: 1267 daAuts
     D:3: 1261 daAuts
     D:2: 1065 daAuts
     D:6: 1051 daAuts
     D:9: 1004 daAuts
     D:5: 938 daAuts
     D:7: 904 daAuts
     D:1: 892 daAuts
  Bailey: 765 daAuts
   Orc:2: 669 daAuts
    D:11: 523 daAuts
